Map: Pillars of Gold LE

Players

Zest

  • Race: Protoss Protoss
  • Spawn Location: 7:00

PartinG - Winner!

  • Race: Protoss Protoss
  • Spawn Location: 1:00

Event: IEM Katowice 2021

VOD

Have the link to the VOD?

Description

Time

  • Played on: Feb. 28, 2021, 10:49 a.m.
  • Length: 10:47

All games in this series

Show
View Real Time Build Order
Export as new Build Order

Zest Protoss 

Build Orders:  

Get SALT Encoding   

  12  0:00  Probe  
  13  0:12  Probe  
  14  0:17  Pylon  
  14  0:24  Probe (Chrono Boost)  
  15  0:36  Probe (Chrono Boost)  
  15  0:39  Gateway  
  16  0:45  Probe (Chrono Boost)  
  17  0:50  Assimilator  
  17  0:51  Probe  
  18  1:03  Probe (Chrono Boost)  
  19  1:04  Assimilator  
  19  1:13  Pylon, Probe (Chrono Boost)  
  19  1:18  Probe (Chrono Boost)  
  21  1:27  Cybernetics Core  
  21  1:30  Probe  
  22  1:35  Zealot  
  24  1:42  Probe  
  25  1:54  Probe  
  26  2:04  Stalker (Chrono Boost)  
  26  2:06  Warp Gate  
  26  2:07  Probe  
  29  2:15  Pylon  
  29  2:26  Sentry  
  31  2:33  Probe  
  31  2:45  Probe  
  32  2:52  Stalker  
  32  2:53  Nexus  
  34  2:58  Gateway  
  34  3:02  Probe  
  35  3:08  Pylon  
  35  3:14  Probe  
  35  3:16  Shield Battery  
  36  3:23  Sentry  
  36  3:26  Probe  
  39  3:33  Twilight Council  
  39  3:39  Probe (Chrono Boost)  
  40  3:51  Probe (Chrono Boost)  
  40  3:52  Forge  
  41  3:56  Probe (Chrono Boost)  
  42  4:03  Adept x2  
  42  4:05  Probe  
  47  4:10  Probe  
  47  4:15  Blink  
  48  4:19  Protoss Ground Weapons Level 1 (Chrono Boost)  
  48  4:20  Probe  
  48  4:23  Probe, Phoenix  
  50  4:32  Robotics Facility, Probe  
  50  4:35  Probe  
  52  4:41  Shield Battery  
  52  4:44  Probe  
  53  4:47  Probe  
  53  4:49  Stalker  
  53  4:50  Stalker  
  58  4:55  Assimilator  
  58  5:01  Pylon  
  58  5:03  Probe x2  
  60  5:07  Gateway  
  60  5:08  Phoenix  
  60  5:12  Gateway  
  60  5:21  Observer  
  61  5:22  Stalker x2  
  65  5:33  Nexus  
  65  5:41  Warp Prism (Chrono Boost), Pylon  
  67  5:58  Pylon  
  67  6:03  Stalker x3  
  73  6:05  Observer  
  73  6:10  Observer  
  74  6:14  Stalker  
  74  6:18  Pylon, Observer  
  76  6:29  Stalker x3  
  76  6:31  Probe  
  76  6:32  Probe  
  84  6:42  Stalker  
  84  6:44  Probe x2  
  88  6:56  Probe  
  88  6:57  Stalker x3  
  88  6:59  Probe x2  
  97  7:02  Pylon  
  97  7:08  Stalker, Probe  
  94  7:17  Immortal (Chrono Boost)  
  94  7:20  Shield Battery  
  96  7:32  Stalker x4  
  102  7:42  Charge (Chrono Boost)  
  102  7:51  Gateway  
  100  7:53  Shield Battery, Gateway  
  100  7:55  Gateway  
  100  7:56  Immortal (Chrono Boost)  
  104  7:59  Zealot x2  
  104  8:00  Stalker x2  
  112  8:17  Pylon  
  112  8:24  Zealot x3  
  106  8:27  Immortal (Chrono Boost)  
  87  8:35  Stalker  
  86  8:48  Zealot x5  
  96  8:52  Observer  
  95  9:00  Warp Prism (Chrono Boost)  
  97  9:07  Stalker x2  
  93  9:10  Zealot x4  
  93  9:14  Sentry  
  101  9:30  Sentry x3  
  101  9:31  Zealot x3  
  113  9:53  Zealot x6  
  101  10:12  Zealot x5  
  75  10:28  Zealot x2  
  65  10:32  Stalker  
  65  10:33  Stalker x3  
  67  10:36  Zealot  
  67  10:37  Zealot x4  
Show
View Real Time Build Order
Export as new Build Order

PartinG Protoss - Winner!

Build Orders: Phoenix Opening, Blink Stalkers 

Get SALT Encoding   

  12  0:00  Probe  
  13  0:12  Probe  
  14  0:17  Pylon  
  14  0:24  Probe (Chrono Boost)  
  15  0:36  Probe (Chrono Boost)  
  15  0:39  Gateway  
  16  0:45  Probe (Chrono Boost)  
  16  0:48  Assimilator  
  17  0:51  Probe  
  18  0:57  Assimilator  
  18  1:03  Probe (Chrono Boost)  
  19  1:11  Pylon  
  19  1:13  Probe (Chrono Boost)  
  19  1:18  Probe (Chrono Boost)  
  21  1:29  Probe, Cybernetics Core  
  22  1:36  Zealot  
  24  1:41  Probe  
  25  1:48  Pylon  
  25  1:53  Probe  
  26  2:04  Stalker (Chrono Boost)  
  26  2:06  Warp Gate  
  28  2:18  Cybernetics Core  
  28  2:21  Shield Battery  
  28  2:23  Probe  
  28  2:29  Sentry  
  30  2:52  Nexus  
  30  2:57  Shield Battery  
  30  2:58  Probe  
  31  3:02  Pylon, Phoenix  
  31  3:13  Twilight Council  
  31  3:20  Probe  
  31  3:21  Stalker  
  34  3:33  Gateway  
  34  3:34  Probe  
  35  3:46  Probe (Chrono Boost)  
  36  3:50  Blink  
  36  3:59  Probe (Chrono Boost)  
  36  4:00  Sentry  
  39  4:06  Probe (Chrono Boost)  
  39  4:08  Probe (Chrono Boost)  
  41  4:12  Forge  
  41  4:14  Probe (Chrono Boost)  
  43  4:19  Probe (Chrono Boost)  
  44  4:24  Probe (Chrono Boost)  
  44  4:26  Probe (Chrono Boost)  
  44  4:28  Stalker  
  47  4:31  Probe x2 (Chrono Boost)  
  47  4:35  Stalker  
  50  4:40  Protoss Ground Weapons Level 1 (Chrono Boost), Pylon  
  50  4:43  Probe  
  51  4:49  Probe  
  51  4:52  Assimilator  
  52  4:55  Robotics Facility  
  53  5:00  Probe  
  53  5:01  Probe  
  53  5:03  Pylon  
  54  5:12  Gateway, Phoenix  
  54  5:14  Gateway  
  54  5:16  Probe  
  54  5:18  Probe  
  56  5:23  Stalker  
  56  5:26  Stalker  
  60  5:33  Probe  
  60  5:34  Probe  
  62  5:43  Nexus  
  62  5:45  Observer  
  62  5:46  Phoenix  
  62  5:47  Pylon  
  63  5:51  Stalker  
  67  5:58  Stalker  
  67  6:07  Warp Prism (Chrono Boost)  
  67  6:09  Stalker  
  71  6:13  Stalker  
  71  6:16  Shield Battery  
  73  6:19  Stalker  
  73  6:24  Stalker  
  77  6:36  Pylon  
  77  6:37  Observer  
  77  6:39  Pylon  
  77  6:44  Probe  
  78  6:54  Immortal (Chrono Boost), Probe, Stalker x3  
  79  6:55  Stalker  
  84  7:16  Probe x3  
  84  7:18  Stalker x4  
  84  7:21  Protoss Ground Weapons Level 2 (Chrono Boost)  
  92  7:37  Shield Battery  
  92  7:38  Probe  
  92  7:42  Stalker x4  
  101  7:46  Probe  
  101  7:47  Probe  
  101  7:50  Probe  
  104  7:53  Observer  
  104  7:56  Pylon  
  105  8:08  Probe x3  
  105  8:12  Gateway x2  
  102  8:33  Probe  
  89  8:36  Stalker x4  
  89  8:39  Probe  
  96  8:42  Immortal (Chrono Boost), Charge (Chrono Boost)  
  96  8:45  Probe  
  101  8:56  Photon Cannon  
  101  8:58  Assimilator  
  101  8:59  Stalker  
  101  9:00  Stalker  
  101  9:01  Stalker x2  
  89  9:15  Immortal (Chrono Boost), Shield Battery  
  93  9:18  Stalker x6  
  101  9:38  Pylon  
  101  9:42  Zealot x6  
  113  9:47  Immortal, Shield Battery  
  113  9:48  Pylon, Shield Battery  
  117  9:53  Gateway  
  117  9:55  Gateway  
  117  9:57  Templar Archives  
  117  10:03  Zealot x3  
  117  10:04  Zealot  
  109  10:11  Zealot x2  
  88  10:26  Zealot x2  
  88  10:27  Zealot x2  
  89  10:38  Stalker x2  

Tags
 
Add a new tag
Caveats
  • Supply blocks, unpowered buildings, or Contaminate may cause inaccurate times.
  • Supply counts are checked every 10 seconds.